 Dungeon Crawl Stone Soup version 0.29-a0-384-g6960b1960d (webtiles) character file.

Game seed: 3769967418004584176

23 ryw the Insei (level 2, -1/21 HPs)
             Began as a Demonspawn Transmuter on May 7, 2022.
             Killed from afar by Natasha (11 damage)
             ... with a puff of flame
             ... on level 2 of the Dungeon.
             The game lasted 00:02:10 (1405 turns).

ryw the Insei (Demonspawn Transmuter)               Turns: 1405, Time: 00:02:10

Health: -1/21      AC:  2    Str: 10    XL:     2   Next: 75%
Magic:  4/5        EV: 12    Int: 14    God:
Gold:   55         SH:  0    Dex: 13    Spells: 4/5 levels left

rFire   . . .      SeeInvis .     - Unarmed
rCold   . . .      Faith    .   (no shield)
rNeg    . . .      Spirit   .   a - +0 robe
rPois   .          Reflect  .   (helmet currently unavailable)
rElec   .          Harm     .   (no cloak)
rCorr   .          Rampage  .   (no gloves)
Will    .....                   (boots currently unavailable)
Stlth   +.........              (no amulet)
HPRegen 0.07/turn               (no ring)
MPRegen 0.09/turn               (no ring)

@: appendages
A: talons 2, antennae 1
a: End Transformation


You were on level 2 of the Dungeon.
You had temporarily grown beastly talons.
You visited 1 branch of the dungeon, and saw 2 of its levels.

You collected 55 gold pieces.

Inventory:

Missiles
 d - 2 poisoned darts
Armour
 a - a +0 robe (worn)
Scrolls
 c - a scroll of enchant weapon {unknown}
 f - a scroll of identify {unknown}
 g - a scroll of immolation {unknown}
 h - a scroll of noise {unknown}
 i - a scroll of enchant armour {unknown}
 j - a scroll of amnesia {unknown}
Potions
 b - a potion of lignification
 e - a potion of degeneration {unknown}
 k - a potion of heal wounds {unknown}


   Skills:
 + Level 1.4 Fighting
 + Level 2.1 Dodging
 + Level 2.9 Unarmed Combat
 + Level 2.2 Spellcasting
 + Level 2.1 Transmutations


You had 4 spell levels left.
You knew the following spells:

 Your Spells              Type           Power      Damage    Failure   Level
a - Beastly Appendage     Tmut           14%        N/A       10%         1

Your spell library contained the following spells:

 Spells                   Type           Power      Damage    Failure   Level
 Wereblood                Tmut           7%         N/A       16%         2
 Animate Skeleton         Necr           2%         N/A       24%         1
 Apportation              Tloc           2%         N/A       24%         1
 Summon Small Mammal      Summ           4%         N/A       24%         1
 Spider Form              Tmut/Pois      4%         N/A       41%         3
 Ice Form                 Ice/Tmut       4%         N/A       83%         4


Dungeon Overview and Level Annotations

Branches:
Dungeon (2/15)

Altars:

Annotations:
D:2 Natasha


Innate Abilities, Weirdness & Mutations

You have temporarily grown beastly talons.
You have a pair of small antennae on your head.


Message History

Confirm with . or Enter, or press ? or * to list all spells.
Your feet morph into talons.
Found a stone staircase leading down.
Found 15 stones.
The helpless endoplasm fails to defend itself.
You hit the endoplasm. You claw the endoplasm.
The endoplasm is moderately wounded.
The endoplasm closely misses you.
You hit the endoplasm.
You kill the endoplasm!
No target in view!
No target in view!
Your transformation is almost over.
Magic restored.
g - a scroll labelled ISCHAU BOLACABI Your talons disappear.
h - a scroll labelled TECIAQ IKHIRE You now have 55 gold pieces (gained 11).
Found a whip.
You see here a +0 whip.
i - a scroll labelled IXATORU NEDED
Found a stone staircase leading up.
j - a scroll labelled QINTEZ OHINKED
Found 15 stones.
k - a brown potion Natasha, Servant of Life and Death comes into view.
She is carrying a wand of flame (25).
You see here a scroll labelled TECIAQ IKHIRE.
Casting: Beastly Appendage (safe; 10% risk of failure)
Confirm with . or Enter, or press ? or * to list all spells.
Your feet morph into talons.
A giant cockroach comes into view.
Found a stone staircase leading down.
Natasha zaps a wand.
The puff of flame hits you. Natasha claws you.
You are too injured to fight recklessly!
You hit Natasha.
Natasha is lightly wounded.
Natasha zaps a wand.
The puff of flame hits you!
Ouch! That really hurt!
You die...

.#####.# ........
........>.. .#######
....#.....# .#
#.......... .#
#.#.#...... .#
###.#.B...... .# ### #.
............
.###.###.#####.#......#.
.......#......?.@h......
####.###.##..#.##.......
# #.#.........# .......
####.#.#...#.####.......
## #.
............(...........
#. #.
.###......##.#####.#....
#..#. #.........# .#....
# #..#. #.....##### .#
... ..#.... .........#
......#


You could see Natasha and a giant cockroach.

Vanquished Creatures
  A dart slug (D:1)
  4 endoplasms
  A goblin (D:1)
  4 hobgoblins (D:1)
  3 kobolds (D:1)
  4 ball pythons (D:1)
  A frilled lizard (D:1)
  A rat (D:1)
19 creatures vanquished.

Vanquished Creatures (others)
  12 plants (D:1)
12 creatures vanquished.

Grand Total: 31 creatures vanquished

Notes
Turn   | Place    | Note
-------+----------+-------------------------------------------
     0 | D:1      | ryw the Demonspawn Transmuter began the quest for the Orb.
     0 | D:1      | Reached XP level 1. HP: 15/15 MP: 3/3
   654 | D:1      | Lost mutation: You have a pair of horns on your head.
                  | [demonic ancestry]
   654 | D:1      | Lost mutation: You have a pair of small horns on your head.
                  | [demonic ancestry]
   654 | D:1      | Gained mutation: You have a pair of small antennae on your
                  | head. [demonic ancestry]
   654 | D:1      | Reached XP level 2. HP: 16/21 MP: 3/5
  1134 | D:1      | You fall into a shaft and drop 1 floor!
  1401 | D:2      | Noticed Natasha
  1405 | D:2      | Killed from afar by Natasha

Illustrated notes

Levels and vault maps discovered:
D:1:      tarquinn_simple_flora_water_a, layout_basic, nrook_uturn,
          minmay_tall_x
D:2:      layout_basic, nicolae_elevator_lobby_asterisk, uniq_jessica,
          uniq_natasha

Skill      XL: |  1  2 |
---------------+-------+-----
Dodging        | 2 |  2.1
Transmutations | 2 |  2.1
Fighting       | |  1.4
Unarmed Combat | |  2.9
Spellcasting   | |  2.2

Action                   || total
-------------------------++-------
Melee: Unarmed           ||    46
       Kick              ||    12
       Headbutt          ||     2
       Punch             ||     1
 Cast: Beastly Appendage ||    16
 Stab: Sleeping          ||     2
Armor: Robe              ||     2
Dodge: Dodged            ||    23

Table legend: (Time is in decaauts)
 A = Elapsed time spent in this place.
 B = Non-inter-level travel time spent in this place.
 C = Inter-level travel time spent in this place.
 D = Time resting spent in this place.
 E = Time spent auto-exploring this place.
 F = Levels seen in this place.
 G = Mean time per level.
                   A        B        C        D        E       F      G
               +--------+--------+--------+--------+--------+-----+--------+
         Total |   1402 |   1396 |      6 |     57 |   1179 |   2 |  701.0 |
       Dungeon |   1402 |   1396 |      6 |     57 |   1179 |   2 |  701.0 |
               +--------+--------+--------+--------+--------+-----+--------+

Top non-repeatable levels by time:
     D:1: 1286 daAuts
     D:2: 116 daAuts
